Wooble, lawful female dwarven Archeologist }}}}}}}}}}}}}}}}}}}}}}}}}}}}}}}}}}}}}v}}}}}}}}}}}}}}}}}}}}}}}}}}}}}}}}}}}} -}}}}}}}}}}}}}}}}}}}}}}}}}}}}}}}}}}}}}}}}}}}}}}}a}}}}}}}}}}}}}}}} -}}}}}}}}}}}}......}}}}}}}}}}}}}}}}}}..y...}}}}}}}}}}}}..}}}}}}} -}}}}}}}}F......@..}}}}}}}}}}}}}}.....a...}}}}}}}}}}o...}}}}}} |}}}}}}..............v}}}}}}}..d.......@..}}}}}}}}}....}}}}}} |}}}}}...............B...!.................}}}}}}}}}}..}}}}}} |}}}}..............?.....h..........Ze.*..........!........aa@..}}}}}}}}}}}}}}}} |}}}.................h......................}}}}}}}}}}}}}}}} |}}}.....%.h.............................[..}}}}}}}}}}}}}}}} |}}}?......?/...................e?..........}}}}}}}}}}}}}.}} ......e...................@.................(..}}}}}}}}}}}}}..} ...... |}}}....:........?...W......................}}}}}}}}}}}}}}}} ---- |}}}}............dd........................}}}}}}}}}}}}}}}}} |}}}}............d...y....`.............e..}}}}}}}}}}}}}}}}} |}}}}}.....^.....(..}}}}} }}..............}}}}}..}}}}}}}}}}} |}}}}}}..........}}}}}} }}}}}}}..........}}}}}}...q}}}}}}}}} |}}}}}}}}......}}}}}}}}}}}}}}}}}}......}}}}}}}}}q..q..}}}}}} }}} q Wooble the Digger Experience level: 1 Strength: 15 Dexterity: 10 Constitution: 10 Intelligence: 15 Wisdom: 14 Charisma: 11 Health: 0(15) Energy: 1(1) Def: 1 Gold: 3 Moves: 45 Dungeon seed: QRv1zGRdzg_D8xRN Game ID: Wooble_1434636584 Your Inventory: Coins $ - 3 gold pieces Weapons a - a +2 bullwhip (alternate weapon; not wielded) Armor e - an uncursed +0 leather jacket (being worn) n - an uncursed +0 fedora (being worn) Comestibles b - 3 uncursed food rations Tools c - a very rusty +0 pick-axe (weapon in hand) d - a very rusty tinning kit (0:72) f - an uncursed sack g - an uncursed thoroughly rusty tin opener h - an uncursed oil lamp (0:1119) Gems q - an uncursed touchstone Spells known in the end: Name Level Category Fail Memory Your skills at the end: Fighting Skills Weapon Skills pick-axe [Basic] whip [Basic] Spellcasting Skills Final Attributes: You were fervently aligned. You had infravision. You were stealthy. You were fast. You are dead. Vanquished creatures: 2 killer bees Voluntary challenges: You went without food. You were an atheist. You never hit with a wielded weapon. You were a pacifist. You read items or engraved 2 times, starting on turn 43. You never genocided any monsters. You never polymorphed an object. You never changed form. You used no wishes. You never split a pudding. You wrote Elbereth's name 2 times, starting on turn 43. You never violated your personal moral code. Dungeon overview: The Dungeons of Doom: levels 1 to 13 Level 1 a long staircase Level 2 Level 3 Level 4 a fountain Level 5 Level 6 Level 7 Level 8 Level 9 Level 10 Level 11 Level 12 a sink Level 13 <- You were here History has recorded: On T:1 you entered the Dungeons of Doom to retrieve the Amulet of Yendor! On T:6 you reached level 2 of The Dungeons of Doom. On T:9 you reached level 3 of The Dungeons of Doom. On T:12 you reached level 4 of The Dungeons of Doom. On T:14 you reached level 5 of The Dungeons of Doom. On T:17 you reached level 6 of The Dungeons of Doom. On T:20 you reached level 7 of The Dungeons of Doom. On T:23 you reached level 8 of The Dungeons of Doom. On T:26 you reached level 9 of The Dungeons of Doom. On T:29 you reached level 10 of The Dungeons of Doom. On T:32 you reached level 11 of The Dungeons of Doom. On T:35 you reached level 12 of The Dungeons of Doom. On T:38 you reached level 13 of The Dungeons of Doom. Score breakdown: Gold: 3 ( 2048 points) Experience: 1 level ( 0 points) Exploration: 13 levels ( 28.89%) (15666 points) Discoveries: 0 items ( 0.00%) ( 0 points) Valuables value: (no points given unless you survive) Artifact value: 0 ( 0 points) Variety of kills: 1 monster ( 0.26%) ( 1540 points) Time penalty: 45 turns ( 0 points) Survival: died (score multiplied by 80%) Total score: 15403 Latest messages: You try to crawl out of the water. Pheew! That was close. The killer bee stings! The killer bee's sting was poisoned! The winter wolf cub breathes frost! The blast of frost hits you! You die... The sack is empty. Final status: Goodbye Wooble the Archeologist, killed by a blast of frost... You died in The Dungeons of Doom on dungeon level 13 with 15403 points, and 3 pieces of gold, after 45 moves. You were level 1 with a maximum of 15 hit points when you died.